 Dungeon Crawl Stone Soup version 0.26-a0-708-g17f3b190f9 (webtiles) character file.

Game seed: 6407875178384104939

133 jiml777 the Magician (level 4, 0/24 HPs)
             Began as a Deep Elf Air Elementalist on Oct 29, 2020.
             Killed by divine providence
             ... invoked by an orc priest
              (12 damage)
             ... on level 3 of the Dungeon.
             The game lasted 00:21:06 (2618 turns).

jiml777 the Magician (Deep Elf Air Elementalist)    Turns: 2618, Time: 00:21:08

Health: 0/24       AC:  2    Str:  5    XL:     4   Next: 94%
Magic:  7/12       EV: 13    Int: 21    God:
Gold:   170        SH:  0    Dex: 15    Spells: 5/11 levels left

rFire    . . .     SeeInvis .   h - +1 short sword
rCold    . . .     Faith    .   (no shield)
rNeg     + . .     Spirit   .   a - +0 robe
rPois    .         Reflect  .   (no helmet)
rElec    .         Harm     .   (no cloak)
rCorr    .         Rampage  .   (no gloves)
MR       .....                  (no boots)
Stlth    ++........             (no amulet)
HPRegen  0.08/turn              l - ring of positive energy
MPRegen  0.13/turn              (no ring)

@: very slightly contaminated
A: no striking features
a: no special abilities


You were on level 3 of the Dungeon.
You visited 1 branch of the dungeon, and saw 3 of its levels.

You collected 170 gold pieces.

Inventory:

Hand Weapons
 h - a +1 short sword (weapon)
Missiles
 j - 52 arrows
 p - 27 sling bullets
Armour
 a - a +0 robe (worn)
Jewellery
 l - a ring of positive energy (left hand)
Wands
 c - a wand of random effects (12)
 d - a wand of iceblast (11)
 q - a wand of disintegration (13)
Scrolls
 f - 3 scrolls of teleportation
 i - a scroll of enchant weapon
Potions
 b - 4 potions of heal wounds
 n - a potion of might
 o - a potion of ambrosia
 r - a potion of mutation
 t - a potion of curing {unknown}


   Skills:
 + Level 0.2 Fighting
 + Level 2.8 Dodging
 + Level 3.1 Stealth
 + Level 4.0 Spellcasting
 + Level 2.0 Conjurations
 + Level 3.8 Air Magic
 * Level 2.1 Evocations


You had 5 spell levels left.
You knew the following spells:

 Your Spells              Type           Power        Failure   Level
a - Shock                 Conj/Air       ###.         3%          1
b - Swiftness             Air            ###.....     3%          2
c - Static Discharge      Conj/Air       ###.....     11%         3

Your spell library contained the following spells:

 Spells                   Type           Power        Failure   Level
 Airstrike                Air            ###.......   24%         4
 Lightning Bolt           Conj/Air       ###.......   69%         5


Dungeon Overview and Level Annotations

Branches:
Dungeon (3/15)

Altars:


Message History

You miscast Shock.
Nothing appears to happen.
The orc priest barely misses you.
Casting: Shock (safe; 3% risk of failure)
Confirm with . or Enter, or press ? or * to list all spells.
Aiming: Shock (safe; 3% risk of failure)
Press: ? - help, Shift-Dir - straight line The zap hits the orc priest but does no damage.
The zap hits the orc priest.
The orc priest is lightly wounded.
The orc priest mumbles some strange prayers to Beogh against you.
Beogh smites you!
Ouch! That really hurt!
Casting: Shock (safe; 3% risk of failure)
Confirm with . or Enter, or press ? or * to list all spells.
Aiming: Shock (safe; 3% risk of failure)
Press: ? - help, Shift-Dir - straight line You miscast Shock.
Nothing appears to happen.
The orc priest mumbles some strange prayers to Beogh against you.
Beogh smites you!
Ouch! That really hurt!
You die...

#.# #. #.# #..
#.# #.# #.# #.#
#.# #.# #.# #.#
#.#
###o#######.###.#
#...@.......#...#
#.#)#########.###
#.# #.# #.# #.#
#)#########.#
#.....÷..÷..#
#############


You could see an orc priest.

Vanquished Creatures
  2 orc priests (D:3)
  2 adders (D:2)
  An ooze (D:3)
  3 worms
  A leopard gecko (D:2)
  An orc (D:3)
  4 ball pythons
  5 bats
  3 giant cockroaches
  3 goblins (D:2)
  5 hobgoblins
  2 quokkas (D:2)
  4 frilled lizards
  2 kobolds (D:1)
  7 rats
45 creatures vanquished.

Notes
Turn   | Place    | Note
-------+----------+-------------------------------------------
     0 | D:1      | jiml777 the Deep Elf Air Elementalist began the quest for
                  | the Orb.
     0 | D:1      | Reached XP level 1. HP: 10/10 MP: 6/6
   404 | D:1      | Reached XP level 2. HP: 15/15 MP: 5/8
  1096 | D:2      | Reached XP level 3. HP: 12/19 MP: 3/9
  1482 | D:2      | Learned a level 2 spell: Swiftness
  1486 | D:2      | Learned a level 3 spell: Static Discharge
  2334 | D:3      | Reached XP level 4. HP: 24/24 MP: 8/11
  2389 | D:3      | Reached skill level 4 in Spellcasting
  2389 | D:3      | Reached skill level 1 in Evocations
  2618 | D:3      | Killed from afar by an orc priest

Illustrated notes

Levels and vault maps discovered:
D:1:      dpeg_arrival_arbitrary_b, layout_loops_ring, hex_large
D:2:      wad_lake_hut, layout_loops_ring, minivault_25
D:3:      layout_basic, nicolae_dithmenos_shadow_blocks

Skill      XL: |  1  2  3  4 |
---------------+-------------+-----
Stealth        | 3 |  3.1
Spellcasting   | 4 |  4.0
Evocations     | 2 |  2.1
Conjurations   | 2 |  2.0
Fighting       | |  0.2
Dodging        | |  2.8
Air Magic      | |  3.8

Action                   |  1- 3 |  4- 6 || total
-------------------------+-------+-------++-------
 Cast: Shock             |    75 |    23 ||    98
  Use: Scroll            |    12 |       ||    12
Armor: Robe              |     3 |       ||     3
Dodge: Dodged            |    17 |     3 ||    20

Table legend: (Time is in decaauts)
 A = Elapsed time spent in this place.
 B = Non-inter-level travel time spent in this place.
 C = Inter-level travel time spent in this place.
 D = Time resting spent in this place.
 E = Time spent auto-exploring this place.
 F = Levels seen in this place.
 G = Mean time per level.
                   A        B        C        D        E       F      G
               +--------+--------+--------+--------+--------+-----+--------+
         Total |   2652 |   2572 |     80 |    813 |   1336 |   3 |  884.0 |
       Dungeon |   2652 |   2572 |     80 |    813 |   1336 |   3 |  884.0 |
               +--------+--------+--------+--------+--------+-----+--------+

Top non-repeatable levels by time:
     D:2: 1341 daAuts
     D:1: 852 daAuts
     D:3: 458 daAuts
